Map: Prion Terraces

Players

Frozzen - Winner!

  • Race: Zerg Zerg
  • League: Platinum

Rocha

  • Race: Terran Terran
  • League: Diamond

VOD

Have the link to the VOD?

Description

Time

  • Played on: Nov. 17, 2015, 11:21 p.m.
  • Length: 12:38
Show
View Real Time Build Order
Export as new Build Order

Frozzen Zerg - Winner!

Build Orders: Hatch First 

Get SALT Encoding   

  12  0:01  Drone  
  13  0:14  Overlord  
  13  0:17  Drone  
  14  0:32  Drone x2  
  16  0:49  Hatchery  
  15  0:51  Drone  
  15  0:56  Drone  
  17  0:58  Drone  
  18  1:13  Spawning Pool  
  18  1:15  Drone  
  18  1:21  Drone  
  19  1:26  Extractor  
  19  1:29  Drone  
  19  1:48  Overlord  
  19  1:53  Drone  
  20  1:59  Queen  
  20  2:00  Queen  
  24  2:02  Zergling x4  
  26  2:11  Drone  
  27  2:16  Drone  
  27  2:22  Drone  
  29  2:24  Drone  
  29  2:28  Roach Warren  
  29  2:34  Drone  
  29  2:35  Drone  
  32  2:44  Drone  
  32  2:45  Overlord  
  32  2:54  Overlord  
  32  2:58  Overlord  
  32  3:09  Roach x4  
  32  3:10  Roach  
  42  3:15  Overlord  
  42  3:17  Roach  
  42  3:18  Roach  
  46  3:24  Drone x2  
  48  3:33  Drone  
  49  3:34  Overlord  
  49  3:39  Lair  
  49  3:42  Drone  
  49  3:43  Drone, Extractor x2  
  49  3:45  Drone  
  49  3:48  Drone  
  51  3:50  Drone  
  51  3:52  Drone  
  51  3:54  Drone  
  54  3:56  Drone  
  56  4:02  Drone  
  56  4:04  Drone  
  55  4:28  Drone x2  
  55  4:29  Drone x4  
  61  4:37  Drone x2  
  63  4:46  Drone  
  63  4:47  Spire  
  63  4:50  Extractor  
  62  4:58  Roach x3  
  65  5:04  Drone  
  65  5:05  Drone x2  
  67  5:13  Drone x3  
  68  5:46  Glial Reconstitution  
  68  5:49  Overlord x5  
  68  5:53  Metabolic Boost  
  67  6:15  Corruptor x3  
  72  6:19  Overseer  
  72  6:25  Drone  
  72  6:26  Drone x2  
  72  6:29  Overlord x2  
  72  6:31  Roach x4  
  83  6:34  Hatchery  
  83  6:35  Hydralisk Den  
  83  6:38  Drone  
  83  6:39  Evolution Chamber  
  81  6:41  Evolution Chamber  
  81  6:44  Hatchery  
  79  6:47  Drone x4  
  83  6:57  Roach x4  
  91  7:07  Zerg Missile Weapons Level 1, Zerg Ground Armor Level 1  
  91  7:08  Muscular Augments  
  91  7:09  Drone x2  
  93  7:25  Zergling x12  
  95  7:31  Corruptor x2  
  97  7:39  Hydralisk  
  97  7:43  Drone  
  100  7:46  Overlord  
  100  7:47  Overlord  
  100  7:48  Corruptor x2  
  104  7:52  Drone, Queen  
  104  7:53  Drone  
  108  8:01  Hydralisk x3  
  108  8:04  Ravager  
  115  8:07  Drone x2  
  115  8:08  Drone  
  115  8:11  Drone x2  
  115  8:12  Drone x3  
  123  8:13  Drone x2  
  125  8:21  Drone x3  
  125  8:24  Drone  
  129  8:29  Drone x4  
  129  8:34  Drone x2, Extractor  
  133  8:35  Extractor  
  133  8:37  Spine Crawler  
  133  8:39  Spine Crawler  
  131  8:45  Hydralisk x3  
  131  8:46  Hydralisk x3  
  131  8:47  Overlord  
  143  8:51  Overlord  
  143  8:53  Overlord  
  143  9:00  Drone  
  144  9:11  Hydralisk  
  144  9:12  Hatchery, Hydralisk x5  
  144  9:16  Ravager x2  
  144  9:17  Ravager  
  158  9:18  Ravager  
  158  9:22  Zergling x2  
  158  9:23  Zergling x12  
  166  9:26  Overseer  
  166  9:29  Pneumatized Carapace  
  166  9:35  Infestation Pit  
  144  9:53  Drone x2  
  135  10:04  Drone x4  
  128  10:17  Hydralisk x5  
  128  10:18  Hydralisk x4  
  128  10:20  Zergling x10  
  151  10:22  Overlord x2  
  151  10:31  Spine Crawler  
  150  10:38  Roach x3  
  150  10:40  Overlord x3  
  150  10:42  Queen  
  158  10:44  Queen  
  158  10:49  Spine Crawler  
  159  10:51  Roach x4  
  163  11:14  Corruptor x3  
  163  11:15  Corruptor x2  
  163  11:17  Zergling x8  
  163  11:18  Zergling x6  
Show
View Real Time Build Order
Export as new Build Order

Rocha Terran 

Build Orders: Command Center First (CC), Liberator Opening, MMM Bio 

Get SALT Encoding   

  12  0:01  SCV  
  13  0:13  SCV  
  14  0:20  Supply Depot  
  14  0:25  SCV  
  15  0:42  SCV  
  16  0:54  SCV  
  17  1:00  Command Center  
  17  1:13  Barracks  
  17  1:14  SCV  
  18  1:21  Refinery  
  18  1:26  SCV  
  19  1:39  SCV  
  20  1:47  Refinery  
  20  1:51  SCV  
  21  2:05  Orbital Command  
  21  2:06  Barracks Reactor  
  21  2:12  Orbital Command  
  21  2:28  Factory  
  21  2:31  SCV  
  21  2:32  Orbital Command  
  22  2:42  Marine  
  22  2:43  SCV, Marine  
  25  2:49  Supply Depot  
  25  2:55  SCV  
  26  3:00  Marine x2  
  27  3:11  SCV  
  27  3:12  SCV  
  29  3:15  Starport  
  29  3:18  Bunker  
  29  3:23  SCV  
  29  3:25  SCV  
  31  3:28  Hellion x2  
  31  3:32  Supply Depot  
  35  3:34  Barracks Reactor  
  35  3:36  SCV, Barracks Tech Lab  
  35  3:37  SCV, Liberator  
  37  3:48  SCV  
  38  3:49  SCV  
  38  3:52  Hellion  
  38  3:53  Hellion  
  46  4:00  Supply Depot, SCV  
  46  4:01  SCV  
  48  4:14  Marauder  
  47  4:28  Hellion x2  
  48  4:33  SCV  
  48  4:48  Barracks x2, Widow Mine  
  48  4:49  SCV  
  46  5:02  Hellion  
  46  5:03  SCV  
  46  5:06  Marauder  
  44  5:07  Orbital Command  
  48  5:12  Stimpack  
  48  5:20  SCV  
  46  5:31  Liberator  
  46  5:34  Marine  
  46  5:37  Hellion  
  46  5:47  Supply Depot  
  46  5:48  SCV x2  
  51  5:52  Marine x3  
  54  6:09  SCV x2, Marine  
  54  6:11  Barracks Reactor  
  58  6:12  Barracks Reactor  
  58  6:17  Engineering Bay, Widow Mine  
  57  6:20  Supply Depot  
  57  6:21  SCV x2  
  57  6:22  Supply Depot  
  57  6:25  Liberator  
  59  6:30  Marine  
  60  6:33  SCV x2  
  62  6:41  Widow Mine  
  62  6:44  Supply Depot x2  
  62  6:45  Supply Depot, SCV  
  68  6:49  Refinery x2, Missile Turret  
  68  6:54  Bunker  
  68  7:01  SCV x2  
  70  7:07  Missile Turret  
  70  7:13  SCV x2  
  69  7:25  SCV  
  69  7:29  Marine x2  
  66  7:32  Marine x3  
  66  7:34  Starport Reactor  
  67  7:39  Widow Mine x2  
  67  7:40  Combat Shields  
  69  7:45  SCV x2  
  69  7:47  Terran Infantry Weapons Level 1  
  69  7:50  Command Center  
  71  7:55  Marine x5  
  71  7:57  SCV  
  77  8:10  Medivac x2  
  81  8:13  Marine  
  81  8:17  Barracks x2  
  81  8:19  Engineering Bay  
  82  8:22  Marine  
  82  8:23  Marine  
  82  8:25  Marine x2  
  86  8:36  Widow Mine x2  
  90  8:43  Marauder  
  90  8:44  Marine x3  
  90  8:47  Terran Infantry Armor Level 1  
  95  8:49  Armory  
  95  8:55  Medivac  
  95  8:56  Marine, Medivac  
  95  9:02  Marine  
  101  9:05  Missile Turret, Marauder  
  101  9:06  Barracks Tech Lab x2  
  103  9:12  Marine x2  
  103  9:14  Marine  
  106  9:24  Marine x2, Orbital Command  
  87  9:56  Marine x5  
  87  9:57  Medivac x2, Widow Mine x2, Marauder x2  
  93  10:14  Marine x5  
  90  10:16  SCV x3  
  90  10:18  Marine x2  
  90  10:20  Command Center, Terran Infantry Weapons Level 2  
  95  10:25  Command Center  
  95  10:27  Medivac x2  
  99  10:31  Marine  
  99  10:32  Marauder  
  102  10:36  Marauder  
  102  10:37  Marine  
  102  10:38  Marine x3  
  108  10:49  Marine  
  109  10:51  Barracks x2  
  109  10:54  Barracks  
  107  10:57  Medivac x2  
  107  11:01  Marine x2  
  105  11:09  Marine x5  
  93  11:17  Orbital Command  
  89  11:18  Marine  
  89  11:19  Marine  
  89  11:21  Widow Mine  
  89  11:23  Widow Mine  
  79  11:33  Marine  
  79  11:34  Marine  
  79  11:36  Marine  
  79  11:38  Marine x2  
  78  11:40  Marine x2  
  60  11:57  Marine  
  60  11:58  Marine x2, Marauder  
  60  12:00  Marauder  
Tags
 
Add a new tag
Caveats
  • Supply blocks, unpowered buildings, or Contaminate may cause inaccurate times.
  • Supply counts are checked every 10 seconds.